[Event "55th Biel Festival GMT Rapid 2022"]
[Site "Biel"]
[Date "2022.07.12"]
[Round "5.3"]
[White "Abdusattorov, Nodirbek"]
[Black "Naiditsch, Arkadij"]
[Result "0-1"]
[ECO "C02"]
[WhiteElo "2670"]
[BlackElo "2600"]
[Annotator "ChessBase"]
[PlyCount "121"]
[EventDate "2022.07.12"]
[EventType "tourn"]
[EventCountry "SUI"]
[SourceTitle "playchess.com"]
[Source "ChessBase"]
[SourceQuality "1"]
[TimeControl "900+5"]

1. e4 e6 2. d4 d5 3. e5 c5 4. c3 Nc6 5. Nf3 Qb6 6. a3 Bd7 7. b4 cxd4 8. cxd4 Rc8 9. Bb2 Nh6 10. Nc3 Na5 11. Na4 Qc6 12. Nc5 Nc4 13. Bc1 b6 14. Nxd7 Qxd7 15. Bd3 Nf5 16. O-O h5 17. Bxf5 exf5 18. Re1 Be7 19. Bg5 O-O 20. h4 Rfe8 21. Bxe7 Rxe7 22. Ng5 g6 23. Nh3 f6 24. Nf4 Kh7 25. Qf3 fxe5 26. Nxd5 Nd2 27. Nf6+ Kg7 28. Nxd7 Nxf3+ 29. gxf3 Rxd7 30. dxe5 Rd3 31. Kg2 Kf7 32. Rad1 Rcc3 33. a4 Ke6 34. f4 Rxd1 35. Rxd1 Rc4 36. Rd6+ Ke7 37. Kg3 Rxb4 38. a5 Rb3+ 39. f3 Rb1 40. Kg2 Rb2+ 41. Kg3 Rb1 42. a6 Ra1 43. Kf2 Rxa6 44. Rxg6 Ra1 45. Rg5 a5 46. Rxh5 a4 47. Rh7+ Kf8 48. h5 a3 49. Ra7 b5 50. e6 b4 51. h6 Rh1 52. Kg2 Rxh6 53. Ra4 Rxe6 54. Rxb4 Ra6 55. Rb1 a2 56. Ra1 Ke7 57. Kf2 Kd6 58. Ke3 Kd5 59. Kd3 Ra3+ 60. Ke2 Kd4 61. Kf2 0-1

[Event "55th Biel Festival GMT Rapid 2022"]
[Site "Biel"]
[Date "2022.07.12"]
[Round "7.4"]
[White "Abdusattorov, Nodirbek"]
[Black "Kamsky, Gata"]
[Result "1-0"]
[ECO "C54"]
[WhiteElo "2688"]
[BlackElo "2655"]
[Annotator "ChessBase"]
[PlyCount "106"]
[EventDate "2022.07.12"]
[EventType "tourn"]
[EventCountry "SUI"]
[SourceTitle "playchess.com"]
[Source "ChessBase"]
[SourceQuality "1"]
[TimeControl "900+5"]

1. e4 e5 2. Nf3 Nc6 3. Bc4 Bc5 4. d3 Nf6 5. O-O a6 6. a4 d6 7. Bg5 h6 8. Bh4 Ba7 9. c3 O-O 10. Na3 Re8 11. b4 Be6 12. Kh1 Bxc4 13. Nxc4 Re6 14. Nfd2 d5 15. Bxf6 Rxf6 16. exd5 Qxd5 17. Ne4 Re6 18. Qf3 Rd8 19. Ne3 Qd7 20. Rad1 Ne7 21. a5 Rc6 22. g4 Bxe3 23. fxe3 f6 24. d4 exd4 25. exd4 b6 26. d5 Nxd5 27. Rd4 Qe7 28. Rfd1 Re6 29. axb6 cxb6 30. Ng3 Re1+ 31. Rxe1 Qxe1+ 32. Nf1 Qe5 33. Ne3 Nxe3 34. Rxd8+ Kh7 35. Rd3 Nc4 36. Qf5+ Qxf5 37. gxf5 h5 38. Kg2 Kh6 39. h4 g6 40. Kg3 gxf5 41. Rd4 b5 42. Kf4 Kg6 43. Rd8 Kf7 44. Ra8 Nb6 45. Rxa6 Nd5+ 46. Kxf5 Nxc3 47. Rxf6+ Ke7 48. Ke5 Na2 49. Rf4 Nc3 50. Rd4 Kf7 51. Rd7+ Kg6 52. Rb7 Kh6 53. Rb6+ Kg7 1-0